 Dungeon Crawl Stone Soup version 0.30-a0-953-g5f1da4a474 (webtiles) character file.

Game seed: 7944293189119886310

107 qeuew the Poker (level 4, -3/41 HPs)
             Began as a Gnoll Chaos Knight on Mar 28, 2023.
             Was a Plaything of Xom.
             Killed from afar by an orc wizard (6 damage)
             ... with a magic dart
             ... on level 2 of the Dungeon.
             The game lasted 00:01:32 (1054 turns).

qeuew the Poker (Gnoll Chaos Knight)                Turns: 1054, Time: 00:01:32

Health: -3/41      AC:  6    Str: 14    XL:     4   Next: 85%
Magic:  5/5        EV: 12    Int: 11    God:    Xom [..*...]
Gold:   74         SH:  0    Dex: 11    Spells: 5/5 levels left

rFire   . . .      SeeInvis .    a - +0 spear (chaos)
rCold   . . .      Faith    .    (no shield)
rNeg    . . .      Spirit   .    b - +3 leather armour
rPois   .          Reflect  .    (no helmet)
rElec   .          Rampage  .    (no cloak)
rCorr   .                        (no gloves)
Will    .....                    (no boots)
Stlth   +                        (no amulet)
HPRegen 0.26/turn                (no ring)
MPRegen 0.09/turn                (no ring)

@: no status effects
A: fangs 1, strong nose, distributed training
a: Renounce Religion


You were on level 2 of the Dungeon.
You worshipped Xom.
You were a toy of Xom.
You visited 1 branch of the dungeon, and saw 2 of its levels.

You collected 74 gold pieces.

Inventory:

Hand Weapons
 a - a +0 spear of chaos (weapon)
Armour
 b - a +3 leather armour (worn)
Scrolls
 e - a scroll of immolation {unknown}
 f - a scroll of poison {unknown}
Potions
 d - a potion of cancellation {unknown}
 g - a potion of might {unknown}
 h - 2 potions of magic
 i - a potion of degeneration {unknown}
Miscellaneous
 c - a piece from Xom's chessboard (15/15) (quivered)


   Skills:
 + Level 6.6 Fighting
 + Level 1.3 Short Blades
 + Level 1.3 Long Blades
 + Level 1.3 Axes
 + Level 1.3 Maces & Flails
 + Level 6.6 Polearms
 + Level 1.3 Staves
 + Level 1.3 Ranged Weapons
 + Level 1.3 Throwing
 + Level 4.7 Armour
 + Level 2.8 Dodging
 + Level 1.3 Stealth
 + Level 1.3 Shields
 + Level 1.3 Unarmed Combat
 + Level 1.3 Spellcasting
 + Level 1.0 Conjurations
 + Level 1.0 Hexes
 + Level 1.0 Summonings
 + Level 1.0 Necromancy
 + Level 1.0 Translocations
 + Level 1.0 Transmutations
 + Level 1.0 Fire Magic
 + Level 1.0 Ice Magic
 + Level 1.0 Air Magic
 + Level 1.0 Earth Magic
 + Level 1.0 Poison Magic
 + Level 1.4 Invocations
 + Level 1.3 Evocations


You had 5 spell levels left.
You didn't know any spells.
Your spell library contained the following spells:

 Spells                   Type           Power      Damage    Failure   Level
 Kindle Blastsparks       Fire/Tloc/Air  6%         2d10      58%         3
 Fulminant Prism          Conj/Hex       1%         3d5       94%         4
 Iskenderun's Mystic Bla  Conj/Tloc      3%         2d3       94%         4
 Lee's Rapid Deconstruct  Erth           1%         3d4*      100%        5


Dungeon Overview and Level Annotations

Branches:
Dungeon (2/15)

Altars:
Elyvilon


Innate Abilities, Weirdness & Mutations

You have very sharp teeth.
Your uncanny sense of smell can sniff out nearby items.
Your experience applies equally to all skills.


Message History

You barely miss the orc priest. You punch the orc priest.
You kill the orc priest!
The orc wizard hits you with a +0 dagger.
* * * LOW HITPOINT WARNING * * *
Your Conjurations skill increases to level 1!
Your Hexes skill increases to level 1!
Your Summonings skill increases to level 1!
Your Necromancy skill increases to level 1!
Your Translocations skill increases to level 1!
Your Transmutations skill increases to level 1!
Your Fire Magic skill increases to level 1!
Your Ice Magic skill increases to level 1!
Your Air Magic skill increases to level 1!
Your Earth Magic skill increases to level 1!
Your Poison Magic skill increases to level 1!
You have reached level 4!
You feel stronger.
Reach: a) +0 spear (chaos)
Press: ? - help, Dir - move target, f - orc priest
Aim: an orc priest, wielding a +0 hand axe (almost dead, about 35% to evade your +0 spear of chaos)
You reach to attack!
You hit the orc priest.
You kill the orc priest!
The orc wizard points at you and mumbles some strange words.
You resist with some effort.
You miss the orc wizard. The orc wizard misses you.
You closely miss the orc wizard.
The orc wizard hits you with a +0 dagger.
* * * LOW HITPOINT WARNING * * *
You hit the orc wizard but do no damage.
You hit the orc wizard. You burn the orc wizard.
The orc wizard is heavily wounded.
The orc wizard casts a spell at you. The magic dart hits you.
* * * LOW HITPOINT WARNING * * *
You hit the orc wizard but do no damage.
Space warps around the orc wizard.
The orc wizard is almost dead.
The orc wizard points at you and mumbles some strange words.
The magic dart hits you.
You die...

#....#......#
#(# #.#
+....##.#####
#.# #.#
#....##.# #)#
#.# #....##.#
#.# #.#
.....##.# #.#
#.# .....##.#
#.# #.#
.....##.# #.#
#.# #######..
#######.###.#
# #######
#.).))@o....#
###.....#
#.#####.#####
........# #.#
###.##### #.#
........# #+#
###.###.#∆
#†# #.# #.#
#.# ∆ ###..
#.# #


You could see an orc wizard.

Vanquished Creatures
  2 orc priests (D:2)
  An adder (D:2)
  An orc (D:2)
  6 ball pythons
  5 bats
  4 endoplasms (D:1)
  2 giant cockroaches (D:1)
  4 goblins
  A hobgoblin (D:1)
  A jackal (D:1)
  3 kobolds (D:1)
  A quokka (D:1)
  3 frilled lizards (D:1)
  5 rats
39 creatures vanquished.

Vanquished Creatures (others)
  An orc (D:2)
1 creature vanquished.

Grand Total: 40 creatures vanquished

Notes
Turn   | Place    | Note
-------+----------+-------------------------------------------
     0 | D:1      | qeuew the Gnoll Chaos Knight began the quest for the Orb.
     0 | D:1      | Reached XP level 1. HP: 23/23 MP: 1/1
    64 | D:1      | XOM: potion effect (haste)
   107 | D:1      | Reached XP level 2. HP: 29/29 MP: 2/2
   128 | D:1      | Found a white marble altar of Elyvilon.
   265 | D:1      | XOM: 2-stop teleportation journey
   380 | D:1      | Reached XP level 3. HP: 33/35 MP: 3/3
   835 | D:2      | XOM: stealth player
   843 | D:2      | XOM: cloud trail
   906 | D:2      | Reached skill level 1 in Invocations
   961 | D:2      | Reached skill level 1 in Short Blades
   961 | D:2      | Reached skill level 1 in Long Blades
   961 | D:2      | Reached skill level 1 in Axes
   961 | D:2      | Reached skill level 1 in Maces & Flails
   961 | D:2      | Reached skill level 1 in Staves
   961 | D:2      | Reached skill level 1 in Ranged Weapons
   961 | D:2      | Reached skill level 1 in Throwing
   961 | D:2      | Reached skill level 1 in Stealth
   961 | D:2      | Reached skill level 1 in Shields
   961 | D:2      | Reached skill level 1 in Unarmed Combat
   961 | D:2      | Reached skill level 1 in Spellcasting
   961 | D:2      | Reached skill level 1 in Evocations
   991 | D:2      | XOM: 1-stop teleportation journey
  1043 | D:2      | XOM: enchant monster (good)
  1044 | D:2      | XOM: blink monster(s)
  1049 | D:2      | Reached skill level 1 in Conjurations
  1049 | D:2      | Reached skill level 1 in Hexes
  1049 | D:2      | Reached skill level 1 in Summonings
  1049 | D:2      | Reached skill level 1 in Necromancy
  1049 | D:2      | Reached skill level 1 in Translocations
  1049 | D:2      | Reached skill level 1 in Transmutations
  1049 | D:2      | Reached skill level 1 in Fire Magic
  1049 | D:2      | Reached skill level 1 in Ice Magic
  1049 | D:2      | Reached skill level 1 in Air Magic
  1049 | D:2      | Reached skill level 1 in Earth Magic
  1049 | D:2      | Reached skill level 1 in Poison Magic
  1049 | D:2      | Reached XP level 4. HP: 10/41 MP: 5/5
  1053 | D:2      | HP: 2/41 [orc wizard/magic dart (6)]
  1054 | D:2      | Killed from afar by an orc wizard

Illustrated notes

Levels and vault maps discovered:
D:1:      matt_arrival_refuge, layout_rooms, grunt_decor_arrowhead,
          serial_park_tiny_pond, minmay_hexomino_r4
D:2:      layout_basic, shapermc_ecumenical_altar_ellora

Skill      XL: |  1  2  3 |
---------------+----------+-----
Invocations    | 1 |  1.4
Short Blades   | 1 |  1.3
Long Blades    | 1 |  1.3
Axes           | 1 |  1.3
Maces & Flails | 1 |  1.3
Staves         | 1 |  1.3
Ranged Weapons | 1 |  1.3
Throwing       | 1 |  1.3
Stealth        | 1 |  1.3
Shields        | 1 |  1.3
Unarmed Combat | 1 |  1.3
Spellcasting   | 1 |  1.3
Evocations     | 1 |  1.3
Conjurations   | 1 |  1.0
Hexes          | 1 |  1.0
Summonings     | 1 |  1.0
Necromancy     | 1 |  1.0
Translocations | 1 |  1.0
Transmutations | 1 |  1.0
Fire Magic     | 1 |  1.0
Ice Magic      | 1 |  1.0
Air Magic      | 1 |  1.0
Earth Magic    | 1 |  1.0
Poison Magic   | 1 |  1.0
Fighting       | |  6.6
Polearms       | |  6.6
Armour         | |  4.7
Dodging        | |  2.8

Action                     |  1- 3 |  4- 6 || total
---------------------------+-------+-------++-------
  Melee: Spear             |    99 |     6 ||   105
         Bite              |     8 |       ||     8
         Punch             |     2 |       ||     2
    Use: Scroll            |     6 |       ||     6
   Stab: Paralysed         |     1 |       ||     1
         Sleeping          |     2 |       ||     2
 Armour: Leather armour    |    19 |       ||    19
  Dodge: Dodged            |    27 |     1 ||    28

Table legend: (Time is in decaauts)
 A = Elapsed time spent in this place.
 B = Non-inter-level travel time spent in this place.
 C = Inter-level travel time spent in this place.
 D = Time resting spent in this place.
 E = Time spent auto-exploring this place.
 F = Levels seen in this place.
 G = Mean time per level.
                   A        B        C        D        E       F      G
               +--------+--------+--------+--------+--------+-----+--------+
         Total |   1011 |    960 |     51 |      0 |    779 |   2 |  505.5 |
       Dungeon |   1011 |    960 |     51 |      0 |    779 |   2 |  505.5 |
               +--------+--------+--------+--------+--------+-----+--------+

Top non-repeatable levels by time:
     D:1: 797 daAuts
     D:2: 213 daAuts
